 Dungeon Crawl Stone Soup version 0.23.0-3-gf3c87f2 (webtiles) character file.

Game seed: 7801305230128608407

153 Borgoz the Sneak (level 5, -3/43 (45) HPs)
             Began as a Ghoul Assassin on Feb 24, 2019.
             Killed from afar by an orc wizard (4 damage)
             ... with a magic dart
             ... on level 2 of the Dungeon.
             The game lasted 00:05:46 (1513 turns).

Borgoz the Sneak (Ghoul Assassin)                   Turns: 1513, Time: 00:05:46

HP:   -3/43 (45)    AC:  4    Str: 15    XL:     5   Next: 35%
MP:   4/4           EV: 12    Int:  6    God:
Gold: 73            SH:  0    Dex: 11    Spells: 4/4 levels left

rFire    . . .     SeeInvis .   a - +2 dagger
rCold    + . .     Gourm    .   (no shield)
rNeg     + + +     Faith    .   c - +0 robe
rPois    ∞         Spirit   .   (no helmet)
rElec    .         Reflect  .   d - +0 cloak
rCorr    .         Harm     .   (no gloves)
MR       .....                  (no boots)
Stlth    ++........             (no amulet)
HPRegen  0.00/turn              i - +1 ring of protection
MPRegen  0.09/turn              (no ring)

@: very slightly contaminated, rotting, invisible
A: rotting body, claws 1, carnivore, cold resistance 1, negative energy
resistance 3, inhibited regeneration, torment resistance, unbreathing
a: no special abilities


You were on level 2 of the Dungeon.
You were not hungry.

You visited 1 branch of the dungeon, and saw 3 of its levels.

You collected 73 gold pieces.

Inventory:

Hand Weapons
 a - a +2 dagger (weapon)
 b - a +0 blowgun
 k - a +0 dagger of flaming
Missiles
 e - 16 poisoned needles
 f - 2 curare-tipped needles
Armour
 c - a +0 robe (worn)
 d - a +0 cloak (worn)
Jewellery
 i - a +1 ring of protection (left claw)
Scrolls
 j - 2 scrolls of blinking
 l - a scroll of random uselessness {unknown}
 n - 2 scrolls of magic mapping
 o - a scroll of teleportation {unknown}
Comestibles
 g - 5 rations


   Skills:
 + Level 3.4 Fighting
 + Level 2.8 Short Blades
 - Level 1.7 Throwing
 + Level 2.0 Armour
 + Level 2.2 Dodging
 - Level 4.3 Stealth


You had 4 spell levels left.
You didn't know any spells.
Your spell library was empty.

Dungeon Overview and Level Annotations

Branches:
Dungeon (3/15)

Altars:
Cheibriados
Kikubaaqudgha
Makhleb


Innate Abilities, Weirdness & Mutations

Your body is rotting away.
You thrive on raw meat.
You are immune to poison.
You have sharp fingernails.
You are carnivorous and can eat meat at any time.
Your flesh is cold resistant. (rC+)
You are immune to negative energy. (rN+++)
You do not regenerate when monsters are visible.
You are immune to unholy pain and torment.
You can survive without breathing.


Message History

The magic dart hits you.
* * * LOW HITPOINT WARNING * * *
You barely miss the orc wizard.
The orc wizard is moderately wounded.
The orc wizard misses you.
You aren't carrying any potions.
Unknown command.
Okay, then.
Okay, then.
You barely miss the orc wizard.
The orc wizard is moderately wounded.
The orc wizard hits you but does no damage.
You closely miss the orc wizard.
The orc wizard is moderately wounded.
The orc wizard barely misses you.
You hit the orc wizard but do no damage.
The orc wizard is moderately wounded.
The orc wizard gestures at you while chanting.
The magic dart hits you.
You die...

##................#
#####.................###
....#.####..............#
.##.#.................#.#
.##.#.......#.........#.#
....#.......#...........#
............+...>.....###
######......#...o.....#####
.()..'......#...@.....#...#
######................#.#.#
#.......####.###)####.#.#.#
#.##########..##.# #.#.#.#
#.# #...##.##.####.#...#
#.# #...##.........##[.#
#.# #...##.#...........#
#.######...##.#...##.....##
'.##...+...'..#...##.###.#


You could see an orc wizard.

Vanquished Creatures
  A hound (D:2)
  A gnoll (D:1)
  6 adders (D:2)
  A dart slug (D:2)
  A leopard gecko (D:1)
  An orc (D:2)
  A ball python (D:2)
  15 giant cockroaches
  5 goblins
  2 hobgoblins
  6 jackals (D:2)
  2 kobolds
  A quokka (D:2)
  6 bats
  4 frilled lizards
  3 rats
56 creatures vanquished.

Notes
Turn   | Place    | Note
-------+----------+-------------------------------------------
     0 | D:1      | Borgoz the Ghoul Assassin began the quest for the Orb.
     0 | D:1      | Reached XP level 1. HP: 17/17 MP: 0/0
    29 | D:1      | Reached skill level 1 in Dodging
    62 | D:1      | Reached XP level 2. HP: 21/25 MP: 1/1
   333 | D:1      | Reached XP level 3. HP: 30/30 MP: 2/2
   385 | D:1      | Reached skill level 1 in Armour
   778 | D:2      | Reached XP level 4. HP: 25/37 MP: 3/3
  1002 | D:2      | Found a burning altar of Makhleb.
  1065 | D:2      | Found an ancient bone altar of Kikubaaqudgha.
  1143 | D:2      | Reached XP level 5. HP: 37/44 MP: 4/4
  1278 | D:2      | Found a snail-covered altar of Cheibriados.
  1509 | D:2      | HP: 1/43 [orc wizard/magic dart (6)]
  1513 | D:2      | Killed from afar by an orc wizard

Skill      XL: |  1  2  3  4  5 |
---------------+----------------+-----
Dodging        | 1 2 |  2.2
Short Blades   | 2 |  2.8
Armour         | 1 2 |  2.0
Fighting       | 3 |  3.4
Throwing       | |  1.7
Stealth        | |  4.3

Action                   |  1- 3 |  4- 6 || total
-------------------------+-------+-------++-------
Melee: Dagger            |   123 |   163 ||   286
 Fire: Blowgun           |     3 |       ||     3
  Use: Scroll            |       |     3 ||     3
       Potion            |       |     2 ||     2
 Stab: Sleeping          |     4 |     2 ||     6
  Eat: Chunk             |     9 |     7 ||    16
Armor: Robe              |    50 |    57 ||   107
Dodge: Dodged            |    85 |   113 ||   198
